 Dungeon Crawl Stone Soup version 0.31-a0-844-gdc52ec4e09 (webtiles) character file.

Game seed: 13991499755800595744

266 Dirtsage the Chopper (level 6, 47/47 HPs)
             Began as a Demonspawn Berserker on Sept 28, 2023.
             Was a Priest of Trog.
             Quit the game on level 5 of the Dungeon.
             The game lasted 00:04:04 (2789 turns).

Dirtsage the Chopper (Demonspawn Berserker)         Turns: 2789, Time: 00:04:04

Health: 47/47      AC: 11    Str: 20    XL:     6   Next: 0%
Magic:  6/6        EV: 10    Int:  8    God:    Trog [***...]
Gold:   247        SH:  4    Dex: 12    Spells: 5/5 levels left

rFire   + . .        r - +0 war axe
rCold   . . .        (no shield)
rNeg    . . .        q - +1 scale mail {rF+}
rPois   .            (no helmet)
rElec   .            o - +0 cloak
rCorr   .            (no gloves)
SInv    .            l - +2 pair of boots
Will    .....        (no amulet) Stlth
                     (no ring)
HPRegen 0.27/turn    (no ring)
MPRegen 0.10/turn

%: no passive effects
@: no status effects
A: claws 1, foul stench 1, condensation shield
a: Renounce Religion, Berserk, Trog's Hand


You were on level 5 of the Dungeon.
You worshipped Trog.
Trog was most pleased with you.
You visited 1 branch of the dungeon, and saw 5 of its levels.

You collected 292 gold pieces.
You spent 45 gold pieces at shops.

Inventory:

Hand Weapons
 a - a +0 hand axe
 r - a +0 war axe (weapon)
Armour
 l - a +2 pair of boots (worn)
 o - a +0 cloak (worn)
 q - a +1 scale mail of fire resistance (worn)
 s - a +0 kite shield
Jewellery
 g - a +6 ring of intelligence
 j - a ring of magical power
Wands
 t - a wand of paralysis (12)
Scrolls
 c - 6 scrolls of teleportation {unknown}
 f - 5 scrolls of identify {unknown}
 h - a scroll of torment {unknown}
 m - a scroll of blinking {unknown}
 n - a scroll of summoning {unknown}
 p - 2 scrolls of enchant weapon {unknown}
 u - a scroll of amnesia {unknown}
 v - a scroll of poison {unknown}
 w - a scroll of immolation {unknown}
Potions
 b - a potion of haste {unknown}
 d - a potion of attraction {unknown}
 e - a potion of mutation {unknown}
 i - a potion of berserk rage {unknown}
 k - a potion of curing {unknown}


   Skills:
 - Level 3.0 Fighting
 + Level 6.1 Axes
 - Level 1.7 Armour
 - Level 1.7 Dodging


You had 5 spell levels left.
You didn't know any spells.
Your spell library contained the following spells:

 Spells                   Type           Power      Damage    Failure   Level
 Call Canine Familiar     Summ           0%         N/A       98%         3
 Gell's Gravitas          Tloc           0%         N/A       98%         3
 Sigil of Binding         Hex            0%         N/A       98%         3
 Teleport Other           Tloc           0%         N/A       98%         3
 Tukima's Dance           Hex            0%         N/A       98%         3
 Dimensional Bullseye     Hex/Tloc       0%         N/A       100%        4
 Leda's Liquefaction      Hex/Erth       0%         N/A       100%        4
 Passage of Golubria      Tloc           0%         N/A       100%        4
 Yara's Violent Unravell  Hex/Tmut       0%         3d3       100%        5
 Dispersal                Tloc           0%         N/A       100%        6


Dungeon Overview and Level Annotations

Branches:
Dungeon (5/15)
 Temple: D:4-7

Altars:
Yredelemnul

Shops:
D:4 (


Innate Abilities, Weirdness & Mutations

You have sharp fingernails.
You may rarely emit foul miasma when damaged in melee.
A meltable shield of frost defends you. (SH +4)


Message History

There is a stone staircase leading up here.
Things that are here:
a +0 dagger; a +0 robe A kobold comes into view.
It is wielding a +0 dagger.
The kobold throws a stone.
The stone closely misses you.
The kobold throws a stone.
The stone completely misses you.
The kobold throws a stone.
The stone hits you but does no damage.
The kobold throws a stone.
The stone hits you but does no damage. The kobold hits you with a +0 dagger.
You take 3 damage, and have 38/41 hp.
You slash the kobold!
You kill the kobold!
Trog accepts your kill.
No target in view!
You see here 4 poisoned darts.
Done exploring.
Health restored: 41
Things that are here:
a +0 dagger; a +0 robe
There is a stone staircase leading up here.
There is a stone staircase leading down here.
You climb downwards.
The iguana hisses angrily.
There is a stone staircase leading up here.
There are monsters nearby!
An orc comes into view. It is wielding a +0 hand axe.
The orc shouts!
You closely miss the orc. The orc closely misses you.
You hit the orc but do no damage. The orc misses you.
You barely miss the iguana. You hit the ufetubus but do no damage.
You slash the orc!
You kill the orc!
Trog accepts your kill.
The ufetubus closely misses you. x2; The iguana closely misses you.
You have reached level 6!
Your demonic ancestry asserts itself...
Frost condenses into a shield before you.
Health restored: 47; MP restored: 6 Unknown command.
Are you sure you want to abandon this character and quit the game? (Confirm with "yes".)

.##.........#
..#.........#
#...........#
#..........#
##.[........#
............#
.......l5...#
#$...)@....#
#....#<###(...
####...# #
##..# ...#
##... ##.. ...
#..#


You could see an iguana and an ufetubus.

Vanquished Creatures
  2 hounds (D:4)
  An orc wizard (D:4)
  3 gnolls (D:2)
  5 adders
  3 worms
  9 orcs
  7 bats
  9 endoplasms
  4 giant cockroaches
  6 goblins
  4 hobgoblins
  4 jackals (D:1)
  A quokka (D:2)
  9 ball pythons
  6 frilled lizards
  7 kobolds
  12 rats
92 creatures vanquished.

Notes
Turn   | Place    | Note
-------+----------+-------------------------------------------
     0 | D:1      | Dirtsage the Demonspawn Berserker began the quest for the
                  | Orb.
     0 | D:1      | Reached XP level 1. HP: 18/18 MP: 1/1
   113 | D:1      | Reached skill level 3 in Axes
   148 | D:1      | Gained mutation: You have sharp fingernails. [demonic
                  | ancestry]
   148 | D:1      | Reached XP level 2. HP: 21/24 MP: 2/2
   535 | D:1      | Reached ** piety under Trog
   539 | D:1      | Gained mutation: You may rarely emit foul miasma when
                  | damaged in melee. [demonic ancestry]
   539 | D:1      | Reached XP level 3. HP: 29/29 MP: 3/3
   695 | D:2      | Found a basalt altar of Yredelemnul.
   826 | D:2      | Reached skill level 4 in Axes
   977 | D:2      | Reached XP level 4. HP: 20/35 MP: 4/4
  1725 | D:3      | Reached skill level 5 in Axes
  1947 | D:4      | Found Amuened's Weapon Boutique.
  1947 | D:4      | Noticed a +0 demon whip
  1954 | D:4      | Noticed a +0 lajatang
  1963 | D:4      | Bought a +0 war axe for 45 gold pieces
  1992 | D:4      | Reached XP level 5. HP: 41/41 MP: 5/5
  2074 | D:4      | Reached *** piety under Trog
  2202 | D:4      | Reached skill level 6 in Axes
  2784 | D:5      | Entered Level 5 of the Dungeon
  2789 | D:5      | Gained mutation: A meltable shield of frost defends you.
                  | (SH +4) [demonic ancestry]
  2789 | D:5      | Reached XP level 6. HP: 47/47 MP: 6/6
  2789 | D:5      | Quit the game

Illustrated notes

Levels and vault maps discovered:
D:1:      roderic_crop_circles_arrival_small, layout_rooms, serial_bayou_pond_d
D:2:      minmay_chambers_of_twos, layout_loops_ring, basic_altar
D:3:      layout_rooms, grunt_ministairs_13
D:4:      layout_loops_corners, serial_shops, nicolae_shop_mannequins,
          kennysheep_generic_room_5
D:5:      layout_rooms, temple_fountains, serial_park_tiny_2, corner_web_ring

Skill      XL: |  1  2  3  4  5 |
---------------+----------------+-----
Axes           | 3 4 5 6 |  6.1
Fighting       | |  3.0
Armour         | |  1.7
Dodging        | |  1.7

Action                     |  1- 3 |  4- 6 || total
---------------------------+-------+-------++-------
  Melee: Hand axe          |   108 |   109 ||   217
         War axe           |       |    84 ||    84
         Punch             |       |     4 ||     4
 Invoke: Berserk           |     1 |       ||     1
 Armour: Ring mail         |    70 |    34 ||   104
         Scale mail        |       |   116 ||   116
  Dodge: Dodged            |    79 |   138 ||   217

Table legend: (Time is in decaauts)
 A = Elapsed time spent in this place.
 B = Non-inter-level travel time spent in this place.
 C = Inter-level travel time spent in this place.
 D = Time resting spent in this place.
 E = Time spent auto-exploring this place.
 F = Levels seen in this place.
 G = Mean time per level.
                   A        B        C        D        E       F      G
               +--------+--------+--------+--------+--------+-----+--------+
         Total |   2839 |   2734 |    105 |     54 |   2024 |   5 |  567.8 |
       Dungeon |   2839 |   2734 |    105 |     54 |   2024 |   5 |  567.8 |
               +--------+--------+--------+--------+--------+-----+--------+

Top non-repeatable levels by time:
     D:4: 979 daAuts
     D:2: 777 daAuts
     D:1: 592 daAuts
     D:3: 484 daAuts
     D:5: 5 daAuts
